 Dungeon Crawl Stone Soup version 0.23-a0-558-g30802b1 (console) character file.

69780 Duffy the Destroyer (level 14, -1/88 HPs)
             Began as a Deep Elf Fire Elementalist on Dec 11, 2018.
             Was a High Priest of Vehumet.
             Slain by a two-headed ogre
             ... wielding a +0 giant club
              (9 damage)
             ... on level 12 of the Dungeon.
             The game lasted 00:45:42 (27664 turns).

Duffy the Destroyer (Deep Elf Fire Elementalist)   Turns: 27664, Time: 00:45:43

Health: -1/88      AC: 10    Str:  5    XL:     14   Next: 91%
Magic:  28/58      EV: 20    Int: 31    God:    Vehumet [*****.]
Gold:   1417       SH:  5    Dex: 15    Spells: 10/33 levels left

rFire    + + .     SeeInvis .   X - +11 war axe "Kishigunn" {venom, MP+9}
rCold    . . .     Gourm    .   O - +0 buckler
rNeg     . . .     Faith    .   y - +2 robe {Archmagi}
rPois    .         Spirit   .   r - +3 hat of Pondering {ponderous, MR+ MP+10 Int+5}
rElec    .         Reflect  .   v - scarf {rC+ rF+}
rCorr    .         Harm     .   N - +0 pair of gloves
MR       ++...                  p - +0 pair of boots
Stlth    ++........             n - amulet of magic regeneration
HPRegen  0.24/turn              Y - ring of magical power
MPRegen  0.61/turn              I - ring of fire

@: slow
A: no striking features
a: Renounce Religion


You were on level 12 of the Dungeon.
You worshipped Vehumet.
Vehumet was extremely pleased with you.
You were hungry.

You visited 4 branches of the dungeon, and saw 21 of its levels.
You also visited: Volcano.

You collected 2409 gold pieces.
You spent 992 gold pieces at shops.

Inventory:

Hand Weapons
 X - the +11 war axe "Kishigunn" (weapon) {venom, MP+9}
   (You found it on level 5 of the Lair of Beasts)

   It poisons the flesh of those it strikes.
   It affects your magic capacity (+9).
Missiles
 j - 3 throwing nets (quivered)
Armour
 p - a +0 pair of boots (worn)
 r - the +3 hat of Pondering (worn) {ponderous, MR+ MP+10 Int+5}
   (You found it on level 5 of the Lair of Beasts)

   It affects your intelligence (+5).
   It affects your resistance to hostile enchantments.
   It affects your magic capacity (+10).
 v - a scarf of resistance (worn)
 y - a +2 robe of the Archmagi (worn)
 N - a +0 pair of gloves (worn)
 O - a +0 buckler (worn)
Jewellery
 m - the amulet "Othriguc" {Regen+ SInv}
   (You found it on level 12 of the Dungeon)

   [amulet of regeneration]

   It lets you see invisible.
   It increases your rate of regeneration.
 n - an amulet of magic regeneration (around neck)
 G - an uncursed ring of protection from fire
 I - a ring of fire (right hand)
 L - an uncursed ring of protection from cold
 Y - a ring of magical power (left hand)
Wands
 l - a wand of acid (23)
 q - a wand of disintegration (18)
 u - a wand of iceblast (34)
 F - a wand of clouds (9)
 J - a wand of polymorph (20)
 M - a wand of scattershot (4)
 U - a wand of paralysis (18)
Scrolls
 a - 4 scrolls of amnesia
 f - 5 scrolls of immolation
 i - a scroll of magic mapping
 k - 9 scrolls of remove curse
 s - a scroll of brand weapon {unknown}
 w - 3 scrolls of fog
 z - a scroll of enchant armour
 H - 8 scrolls of teleportation
 Q - 4 scrolls of fear
 S - 2 scrolls of blinking
 Z - a scroll of summoning {unknown}
Potions
 b - a potion of berserk rage {unknown}
 d - 2 potions of curing
 e - 3 potions of ambrosia
 g - 9 potions of heal wounds
 h - 4 potions of brilliance
 o - a potion of resistance {unknown}
 t - 4 potions of haste {unknown}
 C - a potion of mutation {unknown}
 D - a potion of flight {unknown}
 K - a potion of cancellation {unknown}
 P - 3 potions of magic
 V - 2 potions of invisibility
 W - 2 potions of agility
Miscellaneous
 A - a fan of gales
Comestibles
 c - 16 rations


   Skills:
 - Level 10.0 Fighting
 + Level 9.8 Armour
 - Level 11.0 Dodging
 - Level 2.4 Stealth
 - Level 4.0 Shields
 - Level 10.0 Spellcasting
 - Level 12.0 Conjurations
 - Level 3.4 Translocations
 - Level 12.0 Fire Magic
 - Level 5.0 Earth Magic
 - Level 6.0 Evocations


You had 10 spell levels left.
You knew the following spells:

 Your Spells              Type           Power        Failure   Level  Hunger
a - Iron Shot             Conj/Erth      #######...   4%          6    #####..
h - Stone Arrow           Conj/Erth      ######       1%          3    None
j - Sticky Flame          Conj/Fire      ########     1%          4    None
k - Fireball              Conj/Fire      ########..   1%          5    ###....
l - Conjure Flame         Conj/Fire      ########     1%          3    None
B - Blink                 Tloc           N/A          1%          2    None

Your spell library contained the following spells:

 Spells                   Type           Power        Failure   Level  Hunger
 Freezing Cloud           Conj/Ice/Air   ######....   24%         6    #####..
 Flame Tongue             Conj/Fire      #####        0%          1    None
 Magic Dart               Conj           ####         0%          1    None
 Throw Flame              Conj/Fire      ######       1%          2    None
 Inner Flame              Hex/Fire       #######.     1%          3    None
 Mephitic Cloud           Conj/Pois/Air  ######..     1%          3    None
 Gell's Gravitas          Tloc           ######....   2%          3    None
 Confusing Touch          Hex            ###...       3%          1    None
 Summon Small Mammal      Summ           ###.         3%          1    None
 Call Imp                 Summ           ###.....     4%          2    None
 Slow                     Hex            ###.....     4%          2    None
 Call Canine Familiar     Summ           ###.....     10%         3    None
 Confuse                  Hex            ###.....     10%         3    None
 Summon Guardian Golem    Hex/Summ       ###.....     10%         3    None
 Petrify                  Tmut/Erth      #####...     12%         4    None
 Yara's Violent Unravell  Hex/Tmut       ###.......   22%         5    ###....
 Summon Ice Beast         Ice/Summ       ###.....     32%         4    None
 Summon Lightning Spire   Summ/Air       ###.....     32%         4    None
 Metabolic Englaciation   Hex/Ice        ###.......   65%         5    ###....


Dungeon Overview and Level Annotations

Branches:
Dungeon (12/15)            Temple (1/1) D:6            Lair (6/6) D:9
 Shoals (0/4) Lair:4       Spider (0/4) Lair:2        Slime (0/5) Lair:6
    Orc (2/2) D:9             Elf (0/3) Orc:2

Altars:
Ashenzari
Cheibriados
Dithmenos
Elyvilon
Fedhas
Gozag
Hepliaklqana
Kikubaaqudgha
Makhleb
Nemelex Xobeh
Okawaru
Qazlal
Ru
Sif Muna
Trog
Uskayaw
Vehumet
Wu Jian
Xom
Yredelemnul
Zin
The Shining One
Beogh
Jiyva

Shops:
D:10 :   Orc:1 (   Orc:2 %[?*%


Message History

Casting: Stone Arrow (safe; 1% risk of failure)
Confirm with . or Enter, or press ? or * to list all spells.
Aiming: Stone Arrow (safe; 1% risk of failure)
Press: ? - help, Shift-Dir - straight line, f - orc
Aim: an orc, wielding a +0 trident You feel a surge of power!
The stone arrow hits the orc.
You kill the orc!
Vehumet accepts your kill.
You feel your power returning. Something closely misses you.
Casting: Stone Arrow (safe; 1% risk of failure)
Confirm with . or Enter, or press ? or * to list all spells.
Aiming: Stone Arrow (safe; 1% risk of failure)
Press: ? - help, Shift-Dir - straight line, f - two-headed ogre
Aim: a two-headed ogre, wielding a +0 giant club and a +0 giant spiked club You feel a surge of power!
The stone arrow hits the two-headed ogre.
The two-headed ogre is moderately wounded.
You block something's attack.
The two-headed ogre hits you with a +0 giant club!
You die...

..#%...........
..#...............
#......o...........
#...).))...z)......
.......)......(..(##
.....)...........### .#
##..)O...#......#.#...
#.).@....#..........##
##.......##......### ##
#..................###.
#...............##.....
#.......#......##......
##..(......#...##......
#.##.....##...###.#...
#####.##.#.#.## ####..
###.###..#.# ##.


You could see a two-headed ogre, a wight and an orc wizard.

Vanquished Creatures
  A fire dragon (Lair:6)
  Josephine (D:11)
  Fannar (D:11)
  An ogre mage (Orc:1)
  Erolcha (Orc:1)
  9 hydras
  2 catoblepae (Lair:5)
  Erica (Lair:1)
  8 two-headed ogres
  7 orc high priests (Orc:2)
  Urug (Lair:1)
  A lindwurm (Lair:4)
  A swamp dragon (Lair:6)
  Pikel (D:6)
  A deep elf mage (D:11)
  3 orc sorcerers
  2 ugly things
  2 manticores (Lair:5)
  2 centaur zombies (D:12)
  Joseph (D:7)
  3 black mambas
  A merfolk siren (Lair:4)
  A torpor snail (Lair:2)
  2 molten gargoyles (Volcano)
  A smoke demon (Volcano)
  17 spiny frogs
  7 rime drakes
  9 komodo dragons
  2 red devils (Volcano)
  4 trolls
  Grinder (D:6)
  2 hornets
  A slime creature (Lair:4)
  17 blink frogs
  15 hippogriffs
  A meliai zombie (D:11)
  4 redbacks (Lair:2)
  2 wyverns
  7 wraiths
  30 yaks
  6 fire bats (Volcano)
  3 hungry ghosts
  Eustachio (D:6)
  4 basilisks
  2 steam dragons (Lair:6)
  8 wargs
  15 water moccasins
  A hell hound (Volcano)
  14 porcupines
  A swamp drake (Lair:6)
  15 orc warriors
  2 ice beasts
  4 sky beasts
  4 slaves (Temple)
  2 black bears
  13 ogres
  2 phantoms
  5 wolves (Lair:2)
  3 centaurs
  A necrophage (D:11)
  15 crocodiles
  4 big kobolds
  16 bullfrogs
  A gnoll sergeant (D:8)
  A water moccasin zombie (D:7)
  A water moccasin skeleton (D:9)
  2 scorpions
  4 wights (D:12)
  4 howler monkeys
  An electric eel (Lair:4)
  7 crimson imps
  2 bullfrog zombies (D:7)
  4 lava snakes (Volcano)
  5 hounds
  40 orc priests
  3 centaur skeletons
  10 jellies
  24 orc wizards
  4 iguanas
  8 worker ants
  4 hound skeletons
  A hound zombie (D:11)
  A worker ant zombie (D:11)
  8 adders
  6 gnolls
  2 howler monkey skeletons
  A shadow imp (D:7)
  11 oozes (Lair:4)
  An adder skeleton (D:4)
  4 worms
  3 dart slugs
  8 leopard geckos
  97 orcs
  A ball python (D:2)
  8 bats
  4 giant cockroaches
  12 goblins
  4 hobgoblins
  3 jackals (D:11)
  A quokka (D:2)
  2 frilled lizards
  27 kobolds
  A leopard gecko skeleton (D:4)
  2 quokka skeletons
  7 rats
  A bush (Lair:4)
  2 plants
658 creatures vanquished.

Vanquished Creatures (others)
  A kobold (D:3)
  2 bushes (D:9)
  10 fungi
  21 plants
34 creatures vanquished.

Grand Total: 692 creatures vanquished

Notes
Turn   | Place    | Note
-------+----------+-------------------------------------------
     0 | D:1      | Duffy the Deep Elf Fire Elementalist began the quest for
                  | the Orb.
     0 | D:1      | Reached XP level 1. HP: 10/10 MP: 6/6
   365 | D:1      | Reached XP level 2. HP: 15/15 MP: 6/8
  1048 | D:2      | Reached XP level 3. HP: 18/19 MP: 4/9
  1112 | D:1      | Learned a level 3 spell: Conjure Flame
  2104 | D:2      | Reached XP level 4. HP: 23/24 MP: 4/11
  2181 | D:2      | Learned a level 4 spell: Sticky Flame
  2427 | D:2      | Found a glowing silver altar of Zin.
  2677 | D:3      | Found a radiant altar of Vehumet.
  2939 | D:3      | Became a worshipper of Vehumet
  2939 | D:3      | HP: 1/24 [something (23)]
  3429 | D:3      | Reached XP level 5. HP: 16/28 MP: 2/12
  4550 | D:3      | Reached skill level 5 in Conjurations
  4550 | D:3      | Reached skill level 5 in Fire Magic
  4550 | D:3      | Reached XP level 6. HP: 30/32 MP: 9/14
  4557 | D:3      | Learned a level 5 spell: Fireball
  4845 | D:4      | Reached skill level 1 in Fighting
  4845 | D:4      | Reached XP level 7. HP: 38/38 MP: 6/15
  4888 | D:4      | Reached * piety under Vehumet
  4888 | D:4      | Offered knowledge of Sting by Vehumet.
  5643 | D:5      | Entered Level 5 of the Dungeon
  5860 | D:5      | Found a hide-covered altar of Uskayaw.
  5891 | D:5      | Found a shimmering altar of Xom.
  5891 | D:5      | Found a bloodstained altar of Trog.
  6149 | D:6      | Reached skill level 1 in Evocations
  6155 | D:6      | Noticed Eustachio
  6174 | D:6      | Killed Eustachio
  6174 | D:6      | Reached skill level 5 in Dodging
  6254 | D:6      | Found a white marble altar of Elyvilon.
  6521 | D:6      | Found a deep blue altar of Sif Muna.
  6777 | D:6      | Noticed Grinder
  6815 | D:6      | Reached XP level 8. HP: 26/46 MP: 11/16
  6825 | D:6      | Found a staircase to the Ecumenical Temple.
  6831 | Temple   | Entered the Ecumenical Temple
  7301 | D:6      | Noticed Pikel
  7515 | D:6      | Killed Pikel
  7894 | D:6      | Killed Grinder
  7894 | D:6      | Reached skill level 5 in Fighting
  8032 | D:7      | Noticed Joseph
  8041 | D:7      | Killed Joseph
  8041 | D:7      | Reached skill level 5 in Spellcasting
  8041 | D:7      | Reached XP level 9. HP: 51/54 MP: 9/18
  8501 | D:7      | Reached ** piety under Vehumet
  8501 | D:7      | Offered knowledge of Searing Ray by Vehumet.
  8557 | D:7      | Found a sacrificial altar of Ru.
  9325 | D:8      | Found a bloodstained altar of Trog.
  9370 | D:8      | Offered knowledge of Stone Arrow by Vehumet.
  9396 | D:7      | Reached XP level 10. HP: 51/59 MP: 5/22
  9401 | D:7      | Learned a level 3 spell: Stone Arrow
  9739 | D:8      | Reached skill level 1 in Earth Magic
  9859 | D:8      | Reached *** piety under Vehumet
 10423 | D:8      | Noticed a two-headed ogre
 10437 | D:8      | Killed a two-headed ogre
 10437 | D:8      | Reached skill level 5 in Evocations
 10670 | D:9      | Offered knowledge of Fulminant Prism by Vehumet.
 10913 | D:9      | Found a staircase to the Lair.
 10929 | D:9      | Reached skill level 5 in Earth Magic
 11212 | D:9      | Noticed a two-headed ogre
 11219 | D:9      | Killed a two-headed ogre
 11219 | D:9      | Reached XP level 11. HP: 64/64 MP: 6/24
 11271 | D:9      | Found a staircase to the Orcish Mines.
 11606 | D:10     | Entered Level 10 of the Dungeon
 11685 | D:10     | Noticed a two-headed ogre
 11730 | D:10     | Killed a two-headed ogre
 11810 | D:10     | Noticed a two-headed ogre
 11816 | D:10     | Killed a two-headed ogre
 11816 | D:10     | Reached **** piety under Vehumet
 11816 | D:10     | Reached skill level 10 in Conjurations
 11816 | D:10     | Reached skill level 10 in Fire Magic
 12394 | D:10     | Found Jucoutix's Book Boutique.
 12849 | Lair:1   | Entered Level 1 of the Lair of Beasts
 12875 | Lair:1   | Noticed Urug
 13634 | Lair:1   | Offered knowledge of Bolt of Magma by Vehumet.
 14059 | Lair:1   | Killed Urug
 14286 | Lair:1   | Noticed Erica
 14297 | Lair:1   | Killed Erica
 15017 | Lair:2   | Reached XP level 12. HP: 68/68 MP: 20/27
 15064 | Lair:1   | Learned a level 2 spell: Blink
 15086 | Lair:2   | Reached skill level 10 in Spellcasting
 15917 | Lair:2   | Reached skill level 1 in Translocations
 15938 | Lair:2   | Found a hole to the Spider Nest.
 16529 | Lair:3   | Noticed a four-headed hydra
 16535 | Lair:3   | Killed a four-headed hydra
 17457 | Lair:4   | Noticed a four-headed hydra
 17464 | Lair:4   | Killed a four-headed hydra
 18008 | Lair:4   | Reached XP level 13. HP: 76/76 MP: 13/29
 18044 | Lair:4   | Reached ***** piety under Vehumet
 18063 | Lair:4   | Offered knowledge of Bolt of Draining by Vehumet.
 18419 | Lair:4   | Found a staircase to the Shoals.
 18851 | Lair:5   | Reached skill level 10 in Dodging
 19067 | Lair:5   | Found the +3 hat of Pondering {ponderous, MR+ MP+10 Int+5}
 19072 | Lair:5   | Reached skill level 1 in Shields
 19642 | Lair:5   | Got a scorched war axe
 19643 | Lair:5   | Identified the +11 war axe "Kishigunn" {venom, MP+9} (You
                  | found it on level 5 of the Lair of Beasts)
 20329 | Lair:6   | Entered Level 6 of the Lair of Beasts
 20333 | Lair:6   | Found a viscous altar of Jiyva.
 20333 | Lair:6   | Found a staircase to the Slime Pits.
 20473 | Lair:6   | Found a dark tunnel.
 20491 | Volcano  | Entered a volcano
 20721 | Volcano  | Found a burning altar of Makhleb.
 20959 | Volcano  | Got a steaming ivory amulet
 21226 | Lair:6   | Offered knowledge of Ozocubu's Refrigeration by Vehumet.
 21414 | Lair:6   | Reached skill level 10 in Fighting
 21500 | Lair:6   | Reached skill level 1 in Armour
 22189 | Lair:6   | Reached XP level 14. HP: 88/88 MP: 30/30
 22855 | Orc:1    | Entered Level 1 of the Orcish Mines
 23146 | Orc:1    | Noticed Erolcha
 23150 | Orc:1    | Killed Erolcha
 23150 | Orc:1    | Reached skill level 5 in Armour
 23673 | Orc:2    | Entered Level 2 of the Orcish Mines
 23748 | Orc:2    | Found a staircase to the Elven Halls.
 23952 | Orc:2    | Offered knowledge of Iron Shot by Vehumet.
 24093 | Orc:2    | Paralysed by an orc sorcerer for 6 turns
 24114 | Orc:2    | Learned a level 6 spell: Iron Shot
 24467 | Orc:1    | Found Cairabat's Weapon Boutique.
 24904 | Orc:2    | Found Quijumn's Magic Scroll Emporium.
 25463 | Orc:2    | Found a roughly hewn altar of Beogh.
 25549 | Orc:2    | Found Dauduasy's Food Emporium.
 25549 | Orc:2    | Found Zuytuliul's Armour Shop.
 25593 | Orc:2    | Found Viliud's General Store.
 25593 | Orc:2    | Found Acif's Food Shop.
 25922 | Orc:2    | Bought a +2 robe of the Archmagi for 678 gold pieces
 25993 | Orc:2    | Bought a scroll of identify for 30 gold pieces
 25993 | Orc:2    | Bought a scroll of blinking for 112 gold pieces
 25993 | Orc:2    | Bought a scroll of identify for 30 gold pieces
 25993 | Orc:2    | Bought a scroll of enchant armour for 112 gold pieces
 25993 | Orc:2    | Bought a scroll of identify for 30 gold pieces
 25993 | Orc:2    | Identified the amulet of Finality {Inacc Str+6} (You found
                  | it in a volcano)
 26268 | D:11     | Found a hide-covered altar of Uskayaw.
 26286 | D:11     | Noticed Fannar
 26296 | D:11     | Killed Fannar
 26748 | D:11     | Noticed Josephine
 26752 | D:11     | Killed Josephine
 27300 | D:12     | Got an ancient brass amulet
 27301 | D:12     | Identified the amulet "Othriguc" {Regen+ SInv} (You found
                  | it on level 12 of the Dungeon)
 27376 | D:12     | Offered knowledge of Freezing Cloud by Vehumet.
 27664 | D:12     | Slain by a two-headed ogre

Vault maps used:
D:1:      eino_arrival_cavern_c
D:2:      wad_pebble_path, zin_treasury, first_ration
D:3:      fiery_altar_vehumet, serial_glass, glass_columns_c, glass_columns_c,
          guppyfry_early_lair_pool
D:4:      minmay_inner_zag
D:5:      kennysheep_mini_moat, gammafunk_temple_overflow_pools
D:6:      lemuel_blue_sif_altar, elyvilon_altar_5, minmay_temple_entry_wispy,
          uniq_eustachio, uniq_pikel, uniq_grinder
D:7:      nicolae_ru_sacrificial_ziggurat, minmay_misc_feat_cross, st_stairs_5,
          uniq_joseph
D:8:      basic_altar
D:9:      minmay_lair_entry_grove, orc_0_dummy
D:10:     serial_shops, nicolae_shop_window_shopping, grunt_pizzeria
D:11:     basic_altar, uniq_fannar, uniq_josephine
D:12:     serial_park, serial_park_tiny_1, serial_park_square1,
          serial_park_gazebo, serial_park_square3, serial_park_tiny_pond,
          serial_bayou_lagoon_a
Temple:   eino_temple_water
Lair:1:   st_stairs_11, uniq_urug, uniq_erica
Lair:2:   spider_nest_entry_funnel_web, grunt_megastairs_4
Lair:4:   lemuel_slime, elwin_shoals_entry_rooms
Lair:5:   nzn_motion_control, st_stairs_5, grunt_megastairs_5
Lair:6:   guppyfry_lair_end_dragon, slime_altar_1, enter_volcano_1,
          grunt_megastairs_3, lemuel_fruit_fields
Orc:1:    serial_shops, shop, uniq_erolcha
Orc:2:    st_orc_town, serial_shops, shop_coins
Volcano:  volcano_grotto

Skill      XL: |  1  2  3  4  5  6  7  8  9 10 11 12 13 14 |
---------------+-------------------------------------------+-----
Conjurations   | 2 3 4 5 6 8 9 11 12 | 12.0
Fire Magic     | 4 5 6 8 9 11 12 | 12.0
Spellcasting   | 4 5 6 7 9 10 | 10.0
Dodging        | 3 5 6 9 11 | 11.0
Fighting       | 1 3 5 7 10 | 10.0
Evocations     | 2 4 6 |  6.0
Earth Magic    | 5 |  5.0
Translocations | 3 |  3.4
Shields        | 4 |  4.0
Armour         | 2 9 |  9.8
Stealth        | |  2.4

Action                   |  1- 3 |  4- 6 |  7- 9 | 10-12 | 13-15 || total
-------------------------+-------+-------+-------+-------+-------++-------
Melee: Unarmed           |     1 |       |       |       |       ||     1
       Whip              |       |       |     5 |    11 |       ||    16
       Demon trident     |       |       |       |    14 |       ||    14
       War axe           |       |       |       |       |     5 ||     5
 Cast: Flame Tongue      |    78 |    97 |   236 |   187 |       ||   598
       Sticky Flame      |       |     8 |    22 |    39 |    17 ||    86
       Conjure Flame     |       |     2 |    16 |    11 |     3 ||    32
       Fireball          |       |       |     5 |    43 |   169 ||   217
       Stone Arrow       |       |       |       |   143 |   387 ||   530
       Blink             |       |       |       |     1 |     6 ||     7
Evoke: Wand              |       |       |    11 |     2 |     4 ||    17
  Use: Scroll            |       |       |     4 |    11 |    11 ||    26
       Potion            |       |       |       |     3 |       ||     3
 Stab: Sleeping          |       |       |       |     1 |       ||     1
  Eat: Chunk             |     3 |    10 |    17 |    30 |    44 ||   104
       Ration            |       |       |     1 |     2 |     2 ||     5
Armor: Robe              |    15 |     7 |    20 |    19 |    40 ||   101
Dodge: Dodged            |    24 |    30 |   105 |   115 |   193 ||   467
Block: Buckler           |       |       |       |       |    42 ||    42

Table legend:
 A = Non-vault XP
 B = Vault XP
 C = Vault XP percentage of total XP
 D = Non-vault monster count
 E = Vault monster count
 F = Vault count percentage of total count
                 A         B        C        D         E       F
            +---------+---------+-------+---------+---------+-------
      Total |   65878 |   33808 |  33.9 |     496 |     155 |  23.8
            +---------+---------+-------+---------+---------+-------
        D:1 |      36 |       0 |   0.0 |      19 |       0 |   0.0
        D:2 |     121 |       0 |   0.0 |      30 |       0 |   0.0
        D:3 |     209 |       0 |   0.0 |      15 |       0 |   0.0
        D:4 |     448 |     127 |  22.1 |      28 |       3 |   9.7
        D:5 |      61 |       0 |   0.0 |       4 |       0 |   0.0
        D:6 |     888 |    1081 |  54.9 |      17 |       3 |  15.0
        D:7 |    1699 |     541 |  24.2 |      39 |       3 |   7.1
        D:8 |    2561 |       0 |   0.0 |      37 |       0 |   0.0
        D:9 |    3452 |    1848 |  34.9 |      28 |      13 |  31.7
       D:10 |    2678 |     136 |   4.8 |      13 |       1 |   7.1
       D:11 |    6164 |    2965 |  32.5 |      42 |       6 |  12.5
       D:12 |    3079 |       0 |   0.0 |      22 |       0 |   0.0
     Lair:1 |    2410 |    1812 |  42.9 |       9 |       3 |  25.0
     Lair:2 |    7291 |    1302 |  15.2 |      36 |       5 |  12.2
     Lair:3 |    6282 |       0 |   0.0 |      22 |       0 |   0.0
     Lair:4 |    4767 |    1168 |  19.7 |      16 |      22 |  57.9
     Lair:5 |    5859 |    3821 |  39.5 |      15 |       9 |  37.5
     Lair:6 |    9018 |    5872 |  39.4 |      32 |      16 |  33.3
      Orc:1 |    3156 |     997 |  24.0 |      37 |       1 |   2.6
      Orc:2 |    5699 |    7556 |  57.0 |      35 |      52 |  59.8
    Volcano |       0 |    4582 | 100.0 |       0 |      18 | 100.0
            +---------+---------+-------+---------+---------+-------
